 Dungeon Crawl Stone Soup version 0.26-a0-466-g989023bd0d (webtiles) character file.

Game seed: 7460845512988506033

112 pk666 the Magician (level 4, 0/24 HPs)
             Began as a Deep Elf Hedge Wizard on Aug 11, 2020.
             Engulfed by a cloud of flame (24 damage)
             ... on level 2 of the Dungeon.
             The game lasted 00:05:18 (2673 turns).

pk666 the Magician (Deep Elf Hedge Wizard)          Turns: 2673, Time: 00:05:18

Health: 0/24       AC:  3    Str:  7    XL:     4   Next: 63%
Magic:  13/13      EV: 13    Int: 20    God:
Gold:   56         SH:  0    Dex: 14    Spells: 2/13 levels left

rFire    . . .     SeeInvis .   a - +0 dagger
rCold    . . .     Faith    .   (no shield)
rNeg     . . .     Spirit   .   b - +0 robe
rPois    .         Reflect  .   c - +0 hat
rElec    .         Harm     .   (no cloak)
rCorr    .                      (no gloves)
MR       .....                  f - +0 pair of boots (curse)
Stlth    ++........             (no amulet)
HPRegen  0.08/turn              (no ring)
MPRegen  0.13/turn              (no ring)

@: no status effects
A: no striking features
a: no special abilities


You were on level 2 of the Dungeon.
You visited 1 branch of the dungeon, and saw 2 of its levels.

You collected 56 gold pieces.

Inventory:

Hand Weapons
 a - a +0 dagger (weapon)
Missiles
 j - 12 poisoned darts (quivered)
Armour
 b - a +0 robe (worn)
 c - a +0 hat (worn)
 f - a cursed +0 pair of boots (worn)
Scrolls
 d - 4 scrolls of identify {unknown}
 e - 3 scrolls of remove curse {unknown}
 g - a scroll of enchant weapon {unknown}
 i - a scroll of enchant armour {unknown}
 l - a scroll of fog {unknown}
 m - a scroll of random uselessness {unknown}
Potions
 h - a potion of flight {unknown}
 k - a potion of degeneration {unknown}


   Skills:
 - Level 2.4 Dodging
 - Level 2.4 Stealth
 + Level 5.4 Spellcasting
 + Level 2.6 Conjurations
 + Level 1.6 Summonings
 - Level 2.0 Translocations
 + Level 0.8 Fire Magic
 + Level 1.0 Air Magic
 + Level 1.1 Poison Magic


You had 2 spell levels left.
You knew the following spells:

 Your Spells              Type           Power        Failure   Level
a - Magic Dart            Conj           ###.         3%          1
b - Blink                 Tloc           N/A          8%          2
c - Conjure Flame         Conj/Fire      ##......     16%         3
d - Mephitic Cloud        Conj/Pois/Air  ##......     17%         3
e - Call Imp              Summ           ##......     9%          2

Your spell library contained the following spells:

 Spells                   Type           Power        Failure   Level
 Slow                     Hex            #.......     17%         2


Dungeon Overview and Level Annotations

Branches:
Dungeon (2/15)

Altars:
Qazlal
Vehumet
Wu Jian


Message History

Aim: a rat The magic dart hits the rat.
You kill the rat!
Casting: Magic Dart (safe; 3% risk of failure)
Confirm with . or Enter, or press ? or * to list all spells.
You can't see any susceptible monsters within range! (Use Z to cast anyway.)
j - 12 poisoned darts (gained 1)
Things that are here:
a +0 club; a +0 robe; the human corpse of Jessica Unknown command.
Unknown command.
Okay, then.
You start resting.
Your magical contamination has completely faded away.
You start resting.
Magic restored.
Really walk into a travel-excluded area?
You are engulfed in blazing flames.
Ouch! That really hurt!
You die...

##.##### ##.......
#########.....###
#.......##...##
####....##.##...#
#.......##......#
###.......#####...#
#..§°..)..# ##+##
#.°.§@....#
#.._......#
#.°§(○○....#
#...§......#
#.###.......+ #
......### ##.#...#
#.....#


There were no monsters in sight!

Vanquished Creatures
  Jessica (D:2)
  3 adders (D:2)
  4 oozes
  3 dart slugs
  A leopard gecko (D:2)
  4 bats (D:2)
  3 giant cockroaches (D:1)
  3 goblins (D:1)
  4 hobgoblins
  2 kobolds (D:1)
  A quokka (D:2)
  3 frilled lizards
  6 rats
38 creatures vanquished.

Vanquished Creatures (others)
  A worm (D:2)
  A hobgoblin (D:2)
  2 bats (D:2)
4 creatures vanquished.

Grand Total: 42 creatures vanquished

Notes
Turn   | Place    | Note
-------+----------+-------------------------------------------
     0 | D:1      | pk666 the Deep Elf Hedge Wizard began the quest for the
                  | Orb.
     0 | D:1      | Reached XP level 1. HP: 10/10 MP: 7/7
   363 | D:1      | Reached XP level 2. HP: 15/15 MP: 3/9
   367 | D:1      | Learned a level 2 spell: Blink
   687 | D:1      | Reached skill level 5 in Spellcasting
  1052 | D:1      | Reached XP level 3. HP: 19/19 MP: 8/11
  1057 | D:1      | Learned a level 3 spell: Conjure Flame
  1061 | D:1      | Learned a level 3 spell: Mephitic Cloud
  1064 | D:1      | Learned a level 2 spell: Call Imp
  1822 | D:2      | Found a stormy altar of Qazlal.
  2094 | D:2      | Found an ornate altar of the Wu Jian Council.
  2243 | D:2      | Reached XP level 4. HP: 13/24 MP: 4/13
  2618 | D:2      | Found a radiant altar of Vehumet.
  2618 | D:2      | Noticed Jessica
  2626 | D:2      | Killed Jessica
  2626 | D:2      | Reached skill level 1 in Air Magic
  2626 | D:2      | Reached skill level 1 in Poison Magic
  2673 | D:2      | Engulfed by a cloud of flame

Illustrated notes

Levels and vault maps discovered:
D:1:      ebering_trefoil_3fold, layout_basic, glass_columns_c,
          minmay_liquid_box
D:2:      layout_loops_corners, fiery_altar_vehumet, grunt_qazlal_clouds,
          lemuel_crystal_altar, kennysheep_nondescript, minivault_14,
          uniq_jessica

Skill      XL: |  1  2  3  4 |
---------------+-------------+-----
Conjurations   | 2 |  2.6
Spellcasting   | 5 |  5.4
Translocations | 2 |  2.0
Air Magic      | 1 |  1.0
Poison Magic   | 1 |  1.1
Dodging        | |  2.4
Stealth        | |  2.4
Summonings     | |  1.6
Fire Magic     | |  0.8

Action                   |  1- 3 |  4- 6 || total
-------------------------+-------+-------++-------
Melee: Dagger            |     8 |       ||     8
Throw: Dart              |     2 |     2 ||     4
 Cast: Magic Dart        |   103 |    17 ||   120
Armor: Robe              |    12 |     1 ||    13
Dodge: Dodged            |    24 |     3 ||    27

Table legend: (Time is in decaauts)
 A = Elapsed time spent in this place.
 B = Non-inter-level travel time spent in this place.
 C = Inter-level travel time spent in this place.
 D = Time resting spent in this place.
 E = Time spent auto-exploring this place.
 F = Levels seen in this place.
 G = Mean time per level.
                   A        B        C        D        E       F      G
               +--------+--------+--------+--------+--------+-----+--------+
         Total |   2674 |   2632 |     42 |    464 |   1934 |   2 | 1337.0 |
       Dungeon |   2674 |   2632 |     42 |    464 |   1934 |   2 | 1337.0 |
               +--------+--------+--------+--------+--------+-----+--------+

Top non-repeatable levels by time:
     D:1: 1572 daAuts
     D:2: 1101 daAuts
